 Dungeon Crawl Stone Soup version 0.30.1-11-g7821555f0a (webtiles) character file.

Game seed: 2445311503926087924

73 KittyFluff the Cudgeller (level 4, -2/29 HPs)
             Began as a Gargoyle Berserker on Nov 11, 2023.
             Was a Believer of Trog.
             Killed from afar by an orc wizard (9 damage)
             ... with a magic dart
             ... on level 3 of the Dungeon.
             The game lasted 00:07:22 (1709 turns).

KittyFluff the Cudgeller (Gargoyle Berserker)       Turns: 1709, Time: 00:07:23

Health: -2/29      AC:  7    Str: 22    XL:     4   Next: 27%
Magic:  4/4        EV: 11    Int:  8    God:    Trog [**....]
Gold:   94         SH:  0    Dex:  9    Spells: 3/3 levels left

rFire   . . .        a - +0 mace
rCold   . . .        (no shield)
rNeg    + . .        d - +0 leather armour
rPois   ∞            (no helmet)
rElec   +            (no cloak)
rCorr   .            (no gloves)
SInv    .            (no boots)
Will    .....        (no amulet)
Stlth   +            (no ring)
HPRegen 0.24/turn    (no ring)
MPRegen 0.09/turn

%: no passive effects
@: confused, on berserk cooldown, slowed, very slow
A: sickness immunity, AC +3, negative energy resistance 1, electricity
resistance, torment resistance 1, petrification resistance
a: Renounce Religion, Berserk, Trog's Hand


You were on level 3 of the Dungeon.
You worshipped Trog.
Trog was pleased with you.
You visited 1 branch of the dungeon, and saw 3 of its levels.

You collected 94 gold pieces.

Inventory:

Hand Weapons
 a - a +0 mace (weapon)
Missiles
 k - 2 boomerangs (quivered)
Armour
 d - a +0 leather armour (worn)
Jewellery
 r - an amulet of magic regeneration
Scrolls
 b - a scroll of enchant weapon {unknown}
 c - 2 scrolls of identify
 e - 3 scrolls of immolation {unknown}
 f - a scroll of blinking {unknown}
 h - a scroll of teleportation {unknown}
 i - a scroll of vulnerability {unknown}
 j - a scroll of brand weapon {unknown}
 m - 2 scrolls of fog {unknown}
 q - a scroll of amnesia {unknown}
 s - a scroll of magic mapping {unknown}
Potions
 g - a potion of mutation
 l - a potion of cancellation
 n - a potion of lignification
 o - a potion of flight


   Skills:
 + Level 3.7 Fighting
 * Level 3.7 Maces & Flails
 * Level 3.1 Armour
 + Level 1.9 Dodging
 + Level 1.3 Stealth


You had 3 spell levels left.
You didn't know any spells.
Your spell library was empty.

Dungeon Overview and Level Annotations

Branches:
Dungeon (3/15)

Altars:


Innate Abilities, Weirdness & Mutations

You are immune to sickness and miasma.
Your stone body is resilient. (AC +3)
You are immune to poison.
You resist negative energy. (rN+)
You are resistant to electric shocks. (rElec)
You are resistant to unholy torment.
You are immune to petrification.


Message History

You kill the orc!
Trog accepts your kill. Something hits you but does no damage.
You closely miss something. Something hits you but does no damage.
The hobgoblin closely misses you.
You sock the hobgoblin!
You kill the hobgoblin!
Trog accepts your kill. Something hits you but does no damage.
You miss something. Your punch misses something.
You hear some strange, mumbled words.
You are confused.
You hit something. You barely miss something.
Something hits you but does no damage.
You're too confused to move!
Something hits you but does no damage.
You completely miss something. You barely miss something. Something hits you.
* * * LOW HITPOINT WARNING * * *
You bump into the rock wall.
Something hits you but does no damage.
You feel a strong urge to attack something.
You are no longer berserk.
You are exhausted.
You feel yourself slow down.
Items here: ( )) ††.
You feel better. Something hits you but does no damage.
You hit something. Something hits you.
* * * LOW HITPOINT WARNING * * *
Something hits you but does no damage.
A goblin comes into view. It is wielding a +0 dagger.
You hit something but do no damage.
Something hits you but does no damage. x2
You barely miss something. Something hits you but does no damage.
You hear some strange, mumbled words.
Something tries to affect you, but you resist.
You hit something.
You hear some strange, mumbled words.
You are confused.
You hear some strange, mumbled words.
A magic dart appears from out of thin air!
The magic dart hits you!
You die...

#....#[# #.##..####...#
#.#.#.# #.##..####..##
#...#.# #.##......#...
.⌠.#....###.##.#####.###
#(S..........# ...
#..#.#So...#### #.## ..
#o##### #o. #{# #.# #@#
. #..g.# #..#### #. # #.
. #. . .


You could see 2 orcs, a goblin and a ball python.

Vanquished Creatures
  3 worms
  2 dart slugs (D:1)
  2 orcs (D:3)
  5 bats
  7 endoplasms
  A giant cockroach (D:1)
  A goblin (D:1)
  8 hobgoblins
  4 jackals (D:1)
  2 quokkas (D:2)
  6 ball pythons
  4 frilled lizards
  4 kobolds
  4 rats (D:2)
53 creatures vanquished.

Notes
Turn   | Place    | Note
-------+----------+-------------------------------------------
     0 | D:1      | KittyFluff the Gargoyle Berserker began the quest for the
                  | Orb.
     0 | D:1      | Reached XP level 1. HP: 14/14 MP: 1/1
   133 | D:1      | Reached XP level 2. HP: 18/19 MP: 2/2
   220 | D:1      | Reached XP level 3. HP: 8/23 MP: 3/3
   374 | D:1      | Reached skill level 1 in Stealth
   676 | D:2      | Reached ** piety under Trog
  1240 | D:2      | Reached XP level 4. HP: 15/28 MP: 4/4
  1693 | D:3      | HP: 1/43 [something (4)]
  1702 | D:3      | HP: 1/43 [something (2)]
  1709 | D:3      | Killed from afar by an orc wizard

Illustrated notes

Levels and vault maps discovered:
D:1:      nicolae_arrival_somewhat_less_tricky_arrival, layout_rooms
D:2:      layout_basic, mrwooster_statue_mirror
D:3:      layout_loops_ring, grunt_decor_mini_mirrors, uniq_pargi, uniq_jessica

Skill      XL: |  1  2  3  4 |
---------------+-------------+-----
Stealth        | 1 |  1.3
Armour         | 3 |  3.1
Fighting       | |  3.7
Maces & Flails | |  3.7
Dodging        | |  1.9

Action                     |  1- 3 |  4- 6 || total
---------------------------+-------+-------++-------
  Melee: Mace              |   139 |    51 ||   190
         Punch             |       |     1 ||     1
 Invoke: Berserk           |       |     1 ||     1
    Use: Scroll            |     1 |     4 ||     5
         Potion            |       |     1 ||     1
   Stab: Sleeping          |     1 |       ||     1
 Armour: Leather armour    |    59 |    29 ||    88
         Animal skin       |     2 |       ||     2
  Dodge: Dodged            |    95 |    21 ||   116
